A- EAST
CAROLINA MUDCATS @ AUGUSTA GREENJACKETS
06/13/2042
 
TOP OF THE 1ST
Carolina Mudcats batting - Pitching for Augusta GreenJackets : LHP Gus Jacobs
Pitching: LHP Gus Jacobs
Batting: RHB Dana Gross 0-0: Called Strike
0-1: Ball
1-1: Swinging Strike
1-2: Foul Ball, location: 2F
1-2: Strikes out looking
Batting: RHB Alfredo Ortíz 0-0: Called Strike
0-1: Fly out, F8 (Flyball, 8LD, EV 85.6 MPH)
Batting: RHB António Quintero 0-0: Ball
1-0: Ground out 6-3 (Groundball, 6S, EV 64.4 MPH)
Top of the 1st over - 0 runs, 0 hits, 0 errors, 0 left on base; Carolina 0 - Augusta 0
BOTTOM OF THE 1ST
Augusta GreenJackets batting - Pitching for Carolina Mudcats : LHP Steve Dawkins
Pitching: LHP Steve Dawkins
Batting: RHB José Cabrera 0-0: Swinging Strike
0-1: Ball
1-1: Ball
2-1: Foul Ball, location: 2F
2-2: Fly out, F8 (Flyball, 8RXD, EV 104.4 MPH)
Batting: RHB Jesús Gonzáles 0-0: Ball
1-0: Fly out, F8 (Flyball, 8LD, EV 95.6 MPH)
Batting: LHB Raúl Flores 0-0: Ball
1-0: Foul Ball, location: 7LDF
1-1: Foul Ball, location: 2F
1-2: Foul Ball, location: 2F
1-2: Strikes out looking
Bottom of the 1st over - 0 runs, 0 hits, 0 errors, 0 left on base; Carolina 0 - Augusta 0
TOP OF THE 2ND
Carolina Mudcats batting - Pitching for Augusta GreenJackets : LHP Gus Jacobs
Batting: RHB Steve Ervin 0-0: Ground out 6-3 (Groundball, 6, EV 94.4 MPH)
Batting: LHB Pat Maloney 0-0: Ball
1-0: Called Strike
1-1: Ground out 3-1 (Groundball, 34, EV 108.1 MPH)
Batting: RHB Robby King 0-0: Called Strike
0-1: SINGLE (Groundball, 56D, EV 105.6 MPH)
Batting: LHB Juan García 0-0: Ball
1-0: Ball
2-0: Ball
3-0: Called Strike
3-1: Swinging Strike
3-2: Foul Ball, location: 2F
3-2: Base on Balls
Robby King to second
Batting: RHB Dani Montoya 0-0: 3-RUN HOME RUN (Flyball, 9LD, EV 95.6 MPH), Distance : 349 ft
Batting: LHB Don Jones 0-0: Swinging Strike
0-1: Ball
1-1: SINGLE (Popup, 5D, EV 63.8 MPH)
Batting: RHB Dana Gross 0-0: Ball
1-0: SINGLE (Line Drive, 78S, EV 88.1 MPH)
Don Jones to second
Batting: RHB Alfredo Ortíz 0-0: Called Strike
0-1: Fly out, F8 (Line Drive, 8RS, EV 100.6 MPH)
Top of the 2nd over - 3 runs, 4 hits, 0 errors, 2 left on base; Carolina 3 - Augusta 0
BOTTOM OF THE 2ND
Augusta GreenJackets batting - Pitching for Carolina Mudcats : LHP Steve Dawkins
Batting: RHB José García 0-0: Ball
1-0: Called Strike
1-1: Ball
2-1: Foul Ball, location: 5FF
2-2: Ball
3-2: Fly out, F7 (Flyball, 78D, EV 96.3 MPH)
Batting: LHB David Cruz 0-0: Called Strike
0-1: Called Strike
0-2: Ball
1-2: Foul Ball, location: 2F
1-2: Foul Ball, location: 9LSF
1-2: Strikes out looking
Batting: RHB Steve Roberts 0-0: Foul Ball, location: 3SF
0-1: Ball
1-1: Swinging Strike
1-2: Ball
2-2: Ball
3-2: Strikes out swinging
Bottom of the 2nd over - 0 runs, 0 hits, 0 errors, 0 left on base; Carolina 3 - Augusta 0
TOP OF THE 3RD
Carolina Mudcats batting - Pitching for Augusta GreenJackets : LHP Gus Jacobs
Batting: RHB António Quintero 0-0: Ball
1-0: Called Strike
1-1: Ground out 5-3 (Groundball, 56, EV 89.4 MPH)
Batting: RHB Steve Ervin 0-0: Ball
1-0: Called Strike
1-1: Ball
2-1: Ball
3-1: Base on Balls
Batting: LHB Pat Maloney 0-0: Ball
1-0: Swinging Strike
1-1: Grounds into double play, 4-6-3 (Groundball, 4, EV 98.8 MPH)
Top of the 3rd over - 0 runs, 0 hits, 0 errors, 0 left on base; Carolina 3 - Augusta 0
BOTTOM OF THE 3RD
Augusta GreenJackets batting - Pitching for Carolina Mudcats : LHP Steve Dawkins
Batting: SHB Phil Román 0-0: Called Strike
0-1: Ball
1-1: Hit by Pitch
Batting: RHB Steve Mason 0-0: Ball
1-0: Foul Ball, location: 2F
1-1: Fly out, F6 (Popup, 6MS, EV 85.0 MPH)
Batting: RHB Dylan Younger 0-0: Called Strike
0-1: DOUBLE (Flyball, 8RXD, EV 108.1 MPH)
Phil Román to third
Runner from 3rd tries for Home, SAFE, throw by CF to home
Batting: RHB José Cabrera 0-0: Ball
1-0: Foul Ball, location: 3FF
1-1: Ball
2-1: Foul Ball, location: 3FF
2-2: Ball
3-2: Foul Ball, location: 2F
3-2: Foul Ball, location: 9LDF
3-2: Base on Balls
Batting: RHB Jesús Gonzáles 0-0: SINGLE (Groundball, 6MD, EV 103.1 MPH)
Dylan Younger to third
José Cabrera to second
Batting: LHB Raúl Flores 0-0: Ball
1-0: Ball
2-0: Fly out, F8 (Flyball, 8LS, EV 94.4 MPH)
Batting: RHB José García 0-0: Called Strike
0-1: GRAND SLAM HOME RUN (Flyball, 7LD, EV 91.3 MPH), Distance : 338 ft
Pitching: RHP Manuelo López
Batting: LHB David Cruz 0-0: Called Strike
0-1: Ball
1-1: Ball
2-1: Swinging Strike
2-2: Ground out 6-3 (Groundball, 6, EV 91.3 MPH)
Bottom of the 3rd over - 5 runs, 3 hits, 0 errors, 0 left on base; Carolina 3 - Augusta 5
TOP OF THE 4TH
Carolina Mudcats batting - Pitching for Augusta GreenJackets : LHP Gus Jacobs
Batting: RHB Robby King 0-0: Called Strike
0-1: Ball
1-1: Called Strike
1-2: Foul Ball, location: 9LSF
1-2: Strikes out swinging
Batting: LHB Juan García 0-0: Called Strike
0-1: Ball
1-1: Foul Ball, location: 7LDF
1-2: Strikes out swinging
Batting: RHB Dani Montoya 0-0: Ball
1-0: Called Strike
1-1: Ball
2-1: Ball
3-1: Foul Ball, location: 2F
3-2: Foul Ball, location: 9LMF
3-2: Strikes out looking
Top of the 4th over - 0 runs, 0 hits, 0 errors, 0 left on base; Carolina 3 - Augusta 5
BOTTOM OF THE 4TH
Augusta GreenJackets batting - Pitching for Carolina Mudcats : RHP Manuelo López
Batting: RHB Steve Roberts 0-0: Ball
1-0: Ball
2-0: Called Strike
2-1: Ball
3-1: Ground out 5-3 (Groundball, 56, EV 91.3 MPH)
Batting: SHB Phil Román 0-0: Ball
1-0: Ball
2-0: Called Strike
2-1: Foul Ball, location: 2F
2-2: Ball
3-2: Strikes out looking
Batting: RHB Steve Mason 0-0: Foul Ball, location: 2F
0-1: Foul Ball, location: 23FF
0-2: Ground out 6-3 (Groundball, 6, EV 96.9 MPH)
Bottom of the 4th over - 0 runs, 0 hits, 0 errors, 0 left on base; Carolina 3 - Augusta 5
TOP OF THE 5TH
Carolina Mudcats batting - Pitching for Augusta GreenJackets : LHP Gus Jacobs
Batting: LHB Don Jones 0-0: Ball
1-0: Swinging Strike
1-1: Called Strike
1-2: Foul Ball, location: 25F
1-2: Foul Ball, location: 9LMF
1-2: Ball
2-2: Foul Ball, location: 2F
2-2: Strikes out looking
Batting: RHB Dana Gross 0-0: Foul Ball, location: 3FF
0-1: Foul Ball, location: 5DF
0-2: Foul Ball, location: 2F
0-2: Ground out 5-3 (Groundball, 56, EV 82.5 MPH)
Batting: RHB Alfredo Ortíz 0-0: Ball
1-0: Ball
2-0: Ball
3-0: Called Strike
3-1: Base on Balls
Batting: RHB António Quintero 0-0: Called Strike
0-1: DOUBLE (Flyball, 89XD, EV 106.3 MPH)
Alfredo Ortíz to third
Batting: RHB Steve Ervin 0-0: Called Strike
0-1: Ball
1-1: Foul Ball, location: 9LMF
1-2: SINGLE (Line Drive, 9S, EV 91.3 MPH)
Alfredo Ortíz scores
António Quintero to third
Batting: LHB Pat Maloney 0-0: Called Strike
0-1: Ball
1-1: Called Strike
Steve Ervin is caught stealing 2nd base 2-6
Top of the 5th over - 1 run, 2 hits, 0 errors, 1 left on base; Carolina 4 - Augusta 5
BOTTOM OF THE 5TH
Augusta GreenJackets batting - Pitching for Carolina Mudcats : RHP Manuelo López
Batting: RHB Dylan Younger 0-0: Fly out, F8 (Flyball, 8RS, EV 77.5 MPH)
Batting: RHB José Cabrera 0-0: Ball
1-0: Ball
2-0: Called Strike
2-1: Ball
3-1: SINGLE (Line Drive, 78S, EV 96.3 MPH)
Batting: RHB Jesús Gonzáles 0-0: Ball
José Cabrera steals 2nd base (no throw)
1-0: Ball
2-0: Ball
3-0: Called Strike
3-1: Ground out 6-3 (Groundball, 6S, EV 81.9 MPH)
José Cabrera to third
Batting: LHB Raúl Flores 0-0: Called Strike
0-1: Ball
1-1: SINGLE (Line Drive, 4D, EV 97.5 MPH)
José Cabrera scores
Batting: RHB José García 0-0: Ball
1-0: Foul Ball, location: 7LMFF
1-1: Ball
2-1: Fly out, F7 (Flyball, 7S, EV 83.8 MPH)
Bottom of the 5th over - 1 run, 2 hits, 0 errors, 1 left on base; Carolina 4 - Augusta 6
TOP OF THE 6TH
Carolina Mudcats batting - Pitching for Augusta GreenJackets : LHP Gus Jacobs
Batting: LHB Pat Maloney 0-0: Ball
1-0: Foul Ball, location: 7LSF
1-1: Ball
2-1: Fly out, F8 (Flyball, 8LM, EV 90.0 MPH)
Pitching: RHP Lúcio Rangel
Batting: RHB Robby King 0-0: SINGLE (Line Drive, 78M, EV 106.9 MPH)
Batting: LHB Juan García 0-0: Ball
1-0: Swinging Strike
1-1: Ball
2-1: Fielders Choice at 2nd, 3-6 (Groundball, 3S, EV 90.6 MPH)
Batting: RHB Dani Montoya 0-0: Foul Ball, location: 9LSF
0-1: Foul Ball, location: 3DF
0-2: Ball
1-2: Foul Ball, location: 5SF
1-2: Ground out 1-3 (Groundball, 23, EV 68.8 MPH)
Top of the 6th over - 0 runs, 1 hit, 0 errors, 1 left on base; Carolina 4 - Augusta 6
BOTTOM OF THE 6TH
Augusta GreenJackets batting - Pitching for Carolina Mudcats : RHP Manuelo López
Batting: LHB David Cruz 0-0: SINGLE (Groundball, 3D, EV 97.5 MPH)
Batting: RHB Steve Roberts 0-0: Sac Bunt to P - play at first, batter OUT! 1-3
David Cruz to second
Batting: SHB Phil Román 0-0: Swinging Strike
0-1: Called Strike
0-2: Foul Ball, location: 2F
0-2: Ball
1-2: Foul Ball, location: 23F
1-2: Foul Ball, location: 2F
1-2: Ball
2-2: Foul Ball, location: 2F
2-2: Fly out, F8 (Line Drive, 89M, EV 91.9 MPH)
Batting: RHB Steve Mason 0-0: Called Strike
0-1: Ball
1-1: Foul Ball, location: 5FF
1-2: Ball
2-2: Ground out 5-3 (Groundball, 56, EV 101.9 MPH)
Bottom of the 6th over - 0 runs, 1 hit, 0 errors, 1 left on base; Carolina 4 - Augusta 6
TOP OF THE 7TH
Carolina Mudcats batting - Pitching for Augusta GreenJackets : RHP Lúcio Rangel
Batting: LHB Don Jones 0-0: Ball
1-0: Foul Ball, location: 23FF
1-1: Swinging Strike
1-2: Strikes out swinging
Batting: RHB Dana Gross 0-0: Called Strike
0-1: Ball
1-1: Hit by Pitch
Batting: RHB Alfredo Ortíz 0-0: Foul Ball, location: 2F
0-1: Ball
1-1: Ball
2-1: 2-RUN HOME RUN (Flyball, 9D, EV 97.5 MPH), Distance : 370 ft
Batting: RHB António Quintero 0-0: Called Strike
0-1: Fly out, F9 (Flyball, 89M, EV 85.6 MPH)
Batting: RHB Steve Ervin 0-0: Ball
1-0: DOUBLE (Flyball, 8RXD, EV 103.1 MPH)
Pitching: LHP Tim Williams
Batting: RHB Curt Mathis 0-0: Called Strike
0-1: Ball
1-1: Fly out, F4 (Popup, 34S, EV 81.9 MPH)
Top of the 7th over - 2 runs, 2 hits, 0 errors, 1 left on base; Carolina 6 - Augusta 6
BOTTOM OF THE 7TH
Augusta GreenJackets batting - Pitching for Carolina Mudcats : RHP Manuelo López
Batting: RHB Dylan Younger 0-0: Called Strike
0-1: Ball
1-1: Ball
2-1: Called Strike
2-2: Ball
3-2: Base on Balls
Batting: RHB José Cabrera 0-0: Swinging Strike
0-1: Foul Ball, location: 9LMFF
0-2: Ball
1-2: Foul Ball, location: 2F
1-2: Ball
2-2: Foul Ball, location: 7LMF
2-2: Ball
3-2: SINGLE (Groundball, 4MD, EV 100.6 MPH)
Dylan Younger to second
Pitching: RHP Jake Whitfield
Batting: RHB Jesús Gonzáles 0-0: Ball
1-0: Bunted foul
1-1: Sac Bunt to 13S - play at first, batter safe!
Dylan Younger to third
José Cabrera to second
Batting: LHB Raúl Flores 0-0: Ball
1-0: Foul Ball, location: 23FF
1-1: SINGLE (Groundball, 4D, EV 91.3 MPH)
Dylan Younger scores
José Cabrera to third
Jesús Gonzáles to second
Runner from 3rd tries for Home, throw by RF and OUT! 9-2
Jesús Gonzáles to third
Raúl Flores to second
Batting: RHB José García 0-0: Ball
1-0: Foul Ball, location: 5DF
1-1: Called Strike
1-2: Ball
2-2: Foul Ball, location: 5SF
2-2: Strikes out swinging
Batting: LHB David Cruz 0-0: Fly out, F9 (Flyball, 9D, EV 71.3 MPH)
Bottom of the 7th over - 1 run, 3 hits, 0 errors, 2 left on base; Carolina 6 - Augusta 7
TOP OF THE 8TH
Carolina Mudcats batting - Pitching for Augusta GreenJackets : LHP Tim Williams
Pitching: RHP Luis Lorenzo
Batting: RHB Robby King 0-0: Called Strike
0-1: Swinging Strike
0-2: Ball
1-2: Strikes out looking
Batting: LHB Juan García 0-0: Ball
1-0: Called Strike
1-1: Ball
2-1: Fly out, F9 (Flyball, 89S, EV 86.3 MPH)
Pinch Hitting: LHB Len Gregory 0-0: Ball
1-0: Ball
2-0: Ball
3-0: Base on Balls
Pinch Hitting: RHB Dan Anderson 0-0: Ball
1-0: Called Strike
1-1: Swinging Strike
1-2: Foul Ball, location: 3SF
1-2: Strikes out looking
Top of the 8th over - 0 runs, 0 hits, 0 errors, 1 left on base; Carolina 6 - Augusta 7
BOTTOM OF THE 8TH
Augusta GreenJackets batting - Pitching for Carolina Mudcats : RHP Jake Whitfield
Now at C: Wilson Sánchez
Now at SS: Dan Anderson
Pinch Hitting: LHB Jeff Cantrell 0-0: Swinging Strike
0-1: Foul Ball, location: 23FF
0-2: Ball
1-2: Ground out 3-1 (Groundball, 34, EV 84.4 MPH)
Batting: SHB Phil Román 0-0: Called Strike
0-1: Fly out, F8 (Flyball, 8LM, EV 90.0 MPH)
Batting: RHB Steve Mason 0-0: Ball
1-0: Swinging Strike
1-1: Ground out 6-3 (Groundball, 6, EV 81.3 MPH)
Bottom of the 8th over - 0 runs, 0 hits, 0 errors, 0 left on base; Carolina 6 - Augusta 7
TOP OF THE 9TH
Carolina Mudcats batting - Pitching for Augusta GreenJackets : RHP Luis Lorenzo
Pitching: LHP Jesús Hernández
Now in LF: José Sullivan
Now in RF: Ed Randolph
Batting: RHB Dana Gross 0-0: Ground out 4-3 (Groundball, 4, EV 83.8 MPH)
Batting: RHB Alfredo Ortíz 0-0: Ball
1-0: SOLO HOME RUN (Flyball, 9D, EV 98.1 MPH), Distance : 376 ft
Batting: RHB António Quintero 0-0: Ball
1-0: Fly out, F8 (Flyball, 8LD, EV 109.4 MPH)
Batting: RHB Steve Ervin 0-0: Ball
1-0: Called Strike
1-1: Foul Ball, location: 9LSF
1-2: Strikes out swinging
Top of the 9th over - 1 run, 1 hit, 0 errors, 0 left on base; Carolina 7 - Augusta 7
BOTTOM OF THE 9TH
Augusta GreenJackets batting - Pitching for Carolina Mudcats : RHP Jake Whitfield
Pinch Hitting: LHB Orlando Santana 0-0: Ball
1-0: Called Strike
1-1: Ball
2-1: TRIPLE (Flyball, 78XD, EV 93.1 MPH)
Batting: RHB José Cabrera 0-0: Intentional Walk
Batting: RHB Jesús Gonzáles 0-0: Ball
1-0: Ball
2-0: Ball
3-0: Called Strike
3-1: Called Strike
José Cabrera steals 2nd base (no throw)
3-2: Foul Ball, location: 9LMF
3-2: Fly out, F8 (Flyball, 8RD, EV 103.1 MPH)
Runner from 3rd tags up, SCORES, throw by CF
Bottom of the 9th over - 1 run, 1 hit, 0 errors, 1 left on base; Carolina 7 - Augusta 8
Wednesday, May 1st , 2024 - OOTP Baseball 24.10 Build 82